RedWings vs Flames

Created - October 22 2010 at 18:32

Goals
1 2 3 T
RedWings 1 1 1 3
Flames 0 1 1 2
Shots
1 2 3 T
RedWings 8 8 2 18
Flames 11 7 10 28

Period #1

1. RedWings , Zach Parise 4 (Ryan Getzlaf, Mike Cammalleri) at 0:44

Penalties :
Ray Whitney (DET) for Delaying the game (Minor) at 8:48, Steve Downie (CGY) for High sticking (Minor) at 8:50, Brendan Witt (DET) for Holding (Minor) at 9:08, Brian Campbell (DET) for Hooking (Minor) at 11:35, Steve Downie (CGY) for Cross-checking (Minor) at 14:21, Keith Yandle (DET) for Hooking (Minor) at 17:40

Period #2

2. Flames , Steve Downie 2 (Jack Johnson, Maxim Lapierre) at 16:23
3. RedWings , Travis Zajac 4 (Jean-Pierre Dumont) at 16:29

Penalties :
Steve Downie (CGY) for Hooking (Minor) at 8:55, Colin White (DET) for Hooking (Minor) at 12:13, Ryan Getzlaf (DET) for Tripping (Minor) at 18:34, Marty Reasoner (DET) for Roughing (Minor) at 19:39

Period #3

4. RedWings , Keith Yandle 2 (Brett Clark, Jean-Pierre Dumont) at 6:42 (PP)
5. Flames , Dan Boyle 2 (Marco Sturm, Daniel Sedin) at 10:06 (PP)

Penalties :
Matt Cullen (CGY) for Cross-checking (Minor) at 1:47, Steve Downie (CGY) for Tripping (Minor) at 4:59, Ryan Getzlaf (DET) for Roughing (Minor) at 9:19, Mark Streit (CGY) for Holding (Minor) at 10:52, Zach Parise (DET) for Boarding (Minor) at 15:26

Goalie Stats

Craig Anderson (DET), 26 saves from 28 shots - (0.929), W, 7-2-0, 60:00 minutes
Niklas Backstrom (CGY), 15 saves from 18 shots - (0.833), L, 4-3-0, 59:48 minutes

Players Stats

RedWings
Player Name              G  A  P  +/- PIM S  H  SB FO    MP 
------------------------------------------------------------
Brendan Witt             0  0  0   0  2   0  0  1  0/0   13 
Brett Clark              0  1  1   0  0   0  0  0  0/0   22 
Brian Campbell           0  0  0   0  2   1  0  0  0/0   19 
Colin White              0  0  0   1  2   1  1  0  0/0   22 
Jean-Pierre Dumont       0  2  2   1  0   2  0  0  0/1   17 
Keith Yandle             1  0  1   1  2   2  3  1  0/0   21 
Kris Draper              0  0  0   0  0   1  0  2  1/1   10 
Marty Reasoner           0  0  0   0  2   0  0  0  6/15  14 
Matt Moulson             0  0  0   0  0   1  1  0  2/2   9  
Mike Cammalleri          0  1  1   0  0   1  0  0  0/1   18 
Nate Thompson            0  0  0   0  0   0  1  0  6/21  11 
Niclas Bergfors          0  0  0   0  0   0  0  0  0/0   9  
Paul Martin              0  0  0   0  0   0  0  1  0/0   20 
Pavol Demitra            0  0  0   0  0   1  0  0  0/0   5  
Ray Whitney              0  0  0   1  2   3  1  0  1/2   17 
Ryan Getzlaf             0  1  1   0  4   0  3  0  9/16  16 
Travis Zajac             1  0  1   1  0   2  0  0  11/19 18 
Zach Parise              1  0  1   0  2   3  0  0  1/1   21 
Flames
Player Name              G  A  P  +/- PIM S  H  SB FO    MP 
------------------------------------------------------------
Alex Steen               0  0  0   0  0   3  1  0  1/2   20 
Dan Boyle                1  0  1   0  0   2  0  0  0/0   23 
Daniel Sedin             0  1  1   0  0   4  2  0  3/3   20 
Drew Stafford            0  0  0   0  0   1  3  0  0/2   13 
Erik Johnson             0  0  0  -1  0   4  1  0  0/0   21 
Henrik Sedin             0  0  0   0  0   3  1  0  12/25 20 
Jack Johnson             0  1  1  -1  0   0  2  0  0/0   17 
Kristopher Letang        0  0  0   0  0   1  1  0  0/0   19 
Marco Sturm              0  1  1  -1  0   0  1  0  2/3   21 
Mark Streit              0  0  0   0  2   1  2  1  0/0   22 
Matt Cullen              0  0  0   0  2   2  0  0  6/13  18 
Maxim Lapierre           0  1  1   1  0   0  0  0  1/1   0  
Mike Commodore           0  0  0   0  0   0  2  0  0/0   17 
Owen Nolan               0  0  0   0  0   0  0  0  0/1   13 
Rob Schremp              0  0  0   0  0   0  0  0  0/0   1  
Rostislav Olesz          0  0  0   0  0   0  0  0  0/0   5  
Steve Downie             1  0  1  -1  8   4  4  0  0/1   16 
Valtteri Filppula        0  0  0  -2  0   3  0  0  17/28 21 

3 Stars

1 - Keith Yandle (DET)
2 - Jean-Pierre Dumont (DET)
3 - Travis Zajac (DET)

Power Play

RedWings - 1 on 6 Attempt(s) - 16.67%
Flames - 1 on 9 Attempt(s) - 11.11%

Penalty Kill

RedWings - 8 on 9 Attempt(s) - 88.89% - Score 0 goal in Penalty Kill
Flames - 5 on 6 Attempt(s) - 83.33% - Score 0 goal in Penalty Kill

Game Notes

No Game Note

Finance

Level 1 -- Attendance: 6482 (99.72%) -- Ticket Income $486,150.00
Level 2 -- Attendance: 5000 (100.00%) -- Ticket Income $250,000.00
Level 3 -- Attendance: 3290 (94.00%) -- Ticket Income $98,700.00
Level 4 -- Attendance: 2396 (72.85%) -- Ticket Income $47,920.00
Luxury Box -- Attendance: 947 (94.70%) -- Ticket Income $142,050.00
Game was played at the ScotiaBank Saddledome
Total Attendance: 18115 (93.91%)
Total Ticket Income: $1,049,418.00
Other Income: $198,771.00
Total Income: $1,248,189.00


Play by Play

Period #1

0:01 of 1st period - Henrik Sedin wins face-off versus Travis Zajac in neutral zone.
0:10 of 1st period - Shot by Daniel Sedin.
0:10 of 1st period - Stopped by Craig Anderson without a rebound.
0:11 of 1st period - Valtteri Filppula wins face-off versus Ryan Getzlaf in RedWings zone.
0:44 of 1st period - Shot by Zach Parise.
0:44 of 1st period - Goal by Zach Parise - RedWings : 1 - Flames : 0.
0:45 of 1st period - Marco Sturm wins face-off versus Travis Zajac in neutral zone.
1:06 of 1st period - Shot by Mark Streit.
1:06 of 1st period - Stopped by Craig Anderson without a rebound.
1:07 of 1st period - Matt Cullen wins face-off versus Marty Reasoner in RedWings zone.
1:42 of 1st period - Shot by Matt Cullen.
1:42 of 1st period - Stopped by Craig Anderson without a rebound.
1:43 of 1st period - Ryan Getzlaf wins face-off versus Henrik Sedin in RedWings zone.
3:53 of 1st period - Shot by Matt Cullen.
3:53 of 1st period - Shot Misses the Net.
4:01 of 1st period - Ray Whitney is hit by Drew Stafford and loses puck.
4:16 of 1st period - Shot by Daniel Sedin.
4:16 of 1st period - Stopped by Craig Anderson with a rebound.
4:18 of 1st period - Shot by Henrik Sedin.
4:18 of 1st period - Stopped by Craig Anderson without a rebound.
4:19 of 1st period - Marty Reasoner wins face-off versus Henrik Sedin in RedWings zone.
4:19 of 1st period - Niclas Bergfors is hit by Marco Sturm and loses puck.
4:37 of 1st period - Matt Moulson is hit by Mark Streit and loses puck.
5:09 of 1st period - Shot by Mike Cammalleri.
5:09 of 1st period - Stopped by Niklas Backstrom without a rebound.
5:10 of 1st period - Ryan Getzlaf wins face-off versus Valtteri Filppula in Flames zone.
5:13 of 1st period - Shot by Mike Cammalleri.
5:13 of 1st period - Shot Misses the Net.
5:19 of 1st period - Shot by Brian Campbell.
5:19 of 1st period - Stopped by Niklas Backstrom without a rebound.
5:20 of 1st period - Ryan Getzlaf wins face-off versus Valtteri Filppula in Flames zone.
5:50 of 1st period - Zach Parise is hit by Steve Downie and loses puck.
6:24 of 1st period - Icing by Paul Martin.
6:25 of 1st period - Henrik Sedin wins face-off versus Nate Thompson in RedWings zone.
6:47 of 1st period - Icing by Pavol Demitra.
6:48 of 1st period - Nate Thompson wins face-off versus Matt Cullen in RedWings zone.
7:10 of 1st period - Shot by Ray Whitney.
7:10 of 1st period - Stopped by Niklas Backstrom without a rebound.
7:11 of 1st period - Henrik Sedin wins face-off versus Ryan Getzlaf in Flames zone.
7:11 of 1st period - Daniel Sedin is hit by Ryan Getzlaf.
7:19 of 1st period - Off-side.
7:20 of 1st period - Valtteri Filppula wins face-off versus Travis Zajac in neutral zone.
7:20 of 1st period - Valtteri Filppula is hit by Ray Whitney.
7:36 of 1st period - Shot by Valtteri Filppula.
7:36 of 1st period - Shot Misses the Net.
7:38 of 1st period - Shot by Erik Johnson.
7:38 of 1st period - Stopped by Craig Anderson without a rebound.
7:39 of 1st period - Ryan Getzlaf wins face-off versus Henrik Sedin in RedWings zone.
8:48 of 1st period - Minor Penalty to Ray Whitney for Delaying the game.
8:49 of 1st period - Marty Reasoner wins face-off versus Valtteri Filppula in RedWings zone.
8:49 of 1st period - Marty Reasoner is hit by Steve Downie.
8:50 of 1st period - Minor Penalty to Steve Downie for High sticking.
8:51 of 1st period - Valtteri Filppula wins face-off versus Travis Zajac in Flames zone.
8:58 of 1st period - Travis Zajac is hit by Alex Steen and loses puck.
9:08 of 1st period - Minor Penalty to Brendan Witt for Holding.
9:09 of 1st period - Valtteri Filppula wins face-off versus Marty Reasoner in RedWings zone.
10:27 of 1st period - Off-side.
10:28 of 1st period - Valtteri Filppula wins face-off versus Nate Thompson in neutral zone.
10:47 of 1st period - Shot by Valtteri Filppula.
10:47 of 1st period - Shot Misses the Net.
11:19 of 1st period - Jack Johnson is hit by Keith Yandle and loses puck.
11:35 of 1st period - Minor Penalty to Brian Campbell for Hooking.
11:36 of 1st period - Henrik Sedin wins face-off versus Marty Reasoner in RedWings zone.
11:53 of 1st period - Shot by Daniel Sedin.
11:53 of 1st period - Stopped by Craig Anderson without a rebound.
11:54 of 1st period - Valtteri Filppula wins face-off versus Nate Thompson in RedWings zone.
11:55 of 1st period - Shot by Kristopher Letang.
11:55 of 1st period - Stopped by Craig Anderson without a rebound.
11:56 of 1st period - Valtteri Filppula wins face-off versus Nate Thompson in RedWings zone.
12:13 of 1st period - Shot by Erik Johnson.
12:13 of 1st period - Shot Misses the Net.
12:25 of 1st period - Shot by Steve Downie.
12:25 of 1st period - Stopped by Craig Anderson without a rebound.
12:26 of 1st period - Henrik Sedin wins face-off versus Marty Reasoner in RedWings zone.
12:59 of 1st period - Icing by Marco Sturm.
13:00 of 1st period - Nate Thompson wins face-off versus Marco Sturm in Flames zone.
13:33 of 1st period - Shot by Alex Steen.
13:33 of 1st period - Shot Misses the Net.
13:47 of 1st period - Shot by Matt Moulson.
13:47 of 1st period - Stopped by Niklas Backstrom without a rebound.
13:48 of 1st period - Ryan Getzlaf wins face-off versus Matt Cullen in Flames zone.
14:03 of 1st period - Ryan Getzlaf is hit by Drew Stafford and loses puck.
14:21 of 1st period - Minor Penalty to Steve Downie for Cross-checking.
14:22 of 1st period - Matt Cullen wins face-off versus Travis Zajac in Flames zone.
14:44 of 1st period - Shot by Colin White.
14:44 of 1st period - Stopped by Niklas Backstrom without a rebound.
14:45 of 1st period - Valtteri Filppula wins face-off versus Ryan Getzlaf in Flames zone.
15:48 of 1st period - Shot by Ray Whitney.
15:48 of 1st period - Shot Misses the Net.
16:08 of 1st period - Shot by Brian Campbell.
16:08 of 1st period - Shot Hit the Post.
16:22 of 1st period - Shot by Kris Draper.
16:22 of 1st period - Stopped by Niklas Backstrom without a rebound.
16:23 of 1st period - Kris Draper wins face-off versus Henrik Sedin in Flames zone.
16:37 of 1st period - Icing by Jack Johnson.
16:38 of 1st period - Marty Reasoner wins face-off versus Henrik Sedin in Flames zone.
17:40 of 1st period - Minor Penalty to Keith Yandle for Hooking.
17:41 of 1st period - Valtteri Filppula wins face-off versus Nate Thompson in RedWings zone.
17:42 of 1st period - Shot by Kristopher Letang.
17:42 of 1st period - Shot Misses the Net.
17:44 of 1st period - Shot by Erik Johnson.
17:44 of 1st period - Stopped by Craig Anderson with a rebound.
17:46 of 1st period - Shot by Alex Steen.
17:46 of 1st period - Stopped by Craig Anderson without a rebound.
17:47 of 1st period - Valtteri Filppula wins face-off versus Nate Thompson in RedWings zone.
18:41 of 1st period - Kris Draper is hit by Daniel Sedin and loses puck.
18:56 of 1st period - Shot by Henrik Sedin.
18:56 of 1st period - Shot Misses the Net.
19:15 of 1st period - Icing by Mark Streit.
19:16 of 1st period - Henrik Sedin wins face-off versus Nate Thompson in Flames zone.
19:22 of 1st period - Dan Boyle is hit by Nate Thompson and loses puck.
19:27 of 1st period - Nate Thompson is hit by Daniel Sedin and loses puck.
19:54 of 1st period - Shot by Ray Whitney.
19:54 of 1st period - Stopped by Niklas Backstrom with a rebound.

Period #2

0:01 of 2nd period - Travis Zajac wins face-off versus Henrik Sedin in neutral zone.
0:17 of 2nd period - Icing by Brett Clark.
0:18 of 2nd period - Travis Zajac wins face-off versus Valtteri Filppula in RedWings zone.
0:43 of 2nd period - Travis Zajac is hit by Erik Johnson and loses puck.
0:46 of 2nd period - Shot by Jean-Pierre Dumont.
0:46 of 2nd period - Shot Misses the Net.
0:56 of 2nd period - Shot by Alex Steen.
0:56 of 2nd period - Shot Misses the Net.
1:28 of 2nd period - Mike Cammalleri is hit by Jack Johnson.
1:35 of 2nd period - Ryan Getzlaf is hit by Jack Johnson and loses puck.
2:46 of 2nd period - Travis Zajac is hit by Mike Commodore.
4:20 of 2nd period - Shot by Alex Steen.
4:20 of 2nd period - Shot Blocked by Paul Martin.
4:22 of 2nd period - Shot by Jack Johnson.
4:22 of 2nd period - Shot Misses the Net.
4:24 of 2nd period - Shot by Valtteri Filppula.
4:24 of 2nd period - Stopped by Craig Anderson without a rebound.
4:25 of 2nd period - Marty Reasoner wins face-off versus Owen Nolan in RedWings zone.
6:00 of 2nd period - Icing by Brett Clark.
6:01 of 2nd period - Henrik Sedin wins face-off versus Travis Zajac in RedWings zone.
6:08 of 2nd period - Shot by Henrik Sedin.
6:08 of 2nd period - Shot Misses the Net.
6:10 of 2nd period - Shot by Henrik Sedin.
6:10 of 2nd period - Shot Misses the Net.
6:14 of 2nd period - Shot by Henrik Sedin.
6:14 of 2nd period - Stopped by Craig Anderson without a rebound.
6:15 of 2nd period - Alex Steen wins face-off versus Ryan Getzlaf in RedWings zone.
6:56 of 2nd period - Shot by Zach Parise.
6:56 of 2nd period - Stopped by Niklas Backstrom with a rebound.
7:17 of 2nd period - Icing by Mark Streit.
7:18 of 2nd period - Henrik Sedin wins face-off versus Nate Thompson in Flames zone.
7:37 of 2nd period - Shot by Pavol Demitra.
7:37 of 2nd period - Stopped by Niklas Backstrom without a rebound.
7:38 of 2nd period - Travis Zajac wins face-off versus Matt Cullen in Flames zone.
7:38 of 2nd period - Travis Zajac is hit by Kristopher Letang.
7:50 of 2nd period - Shot by Travis Zajac.
7:50 of 2nd period - Stopped by Niklas Backstrom without a rebound.
7:51 of 2nd period - Matt Cullen wins face-off versus Marty Reasoner in Flames zone.
8:55 of 2nd period - Minor Penalty to Steve Downie for Hooking.
8:56 of 2nd period - Valtteri Filppula wins face-off versus Travis Zajac in Flames zone.
9:28 of 2nd period - Shot by Keith Yandle.
9:28 of 2nd period - Stopped by Niklas Backstrom without a rebound.
9:29 of 2nd period - Daniel Sedin wins face-off versus Ryan Getzlaf in Flames zone.
9:56 of 2nd period - Shot by Zach Parise.
9:56 of 2nd period - Deflect By Mike Cammalleri.
9:56 of 2nd period - Shot Misses the Net.
9:58 of 2nd period - Shot by Brian Campbell.
9:58 of 2nd period - Shot Misses the Net.
10:00 of 2nd period - Shot by Mike Cammalleri.
10:00 of 2nd period - Deflect By Zach Parise.
10:00 of 2nd period - Stopped by Niklas Backstrom without a rebound.
10:01 of 2nd period - Travis Zajac wins face-off versus Matt Cullen in Flames zone.
10:14 of 2nd period - Shot by Ray Whitney.
10:14 of 2nd period - Stopped by Niklas Backstrom without a rebound.
10:15 of 2nd period - Ryan Getzlaf wins face-off versus Valtteri Filppula in Flames zone.
10:16 of 2nd period - Shot by Mike Cammalleri.
10:16 of 2nd period - Shot Blocked by Mark Streit.
10:18 of 2nd period - Shot by Mike Cammalleri.
10:18 of 2nd period - Shot Misses the Net.
10:20 of 2nd period - Shot by Paul Martin.
10:20 of 2nd period - Shot Misses the Net.
10:38 of 2nd period - Matt Cullen is hit by Ryan Getzlaf and loses puck.
11:09 of 2nd period - Shot by Alex Steen.
11:09 of 2nd period - Stopped by Craig Anderson with a rebound.
11:11 of 2nd period - Shot by Valtteri Filppula.
11:11 of 2nd period - Deflect By Alex Steen.
11:11 of 2nd period - Shot Misses the Net.
11:13 of 2nd period - Shot by Alex Steen.
11:13 of 2nd period - Stopped by Craig Anderson without a rebound.
11:14 of 2nd period - Travis Zajac wins face-off versus Henrik Sedin in RedWings zone.
11:23 of 2nd period - Shot by Jean-Pierre Dumont.
11:23 of 2nd period - Stopped by Niklas Backstrom without a rebound.
11:24 of 2nd period - Valtteri Filppula wins face-off versus Nate Thompson in Flames zone.
12:13 of 2nd period - Minor Penalty to Colin White for Hooking.
12:14 of 2nd period - Marty Reasoner wins face-off versus Henrik Sedin in RedWings zone.
12:20 of 2nd period - Icing by Henrik Sedin.
12:21 of 2nd period - Henrik Sedin wins face-off versus Marty Reasoner in Flames zone.
12:32 of 2nd period - Shot by Daniel Sedin.
12:32 of 2nd period - Shot Misses the Net.
12:34 of 2nd period - Shot by Dan Boyle.
12:34 of 2nd period - Shot Misses the Net.
13:20 of 2nd period - Zach Parise is hit by Steve Downie and loses puck.
15:05 of 2nd period - Icing by Steve Downie.
15:06 of 2nd period - Matt Moulson wins face-off versus Valtteri Filppula in Flames zone.
16:15 of 2nd period - Icing by Brian Campbell.
16:16 of 2nd period - Maxim Lapierre wins face-off versus Ryan Getzlaf in RedWings zone.
16:17 of 2nd period - Shot by Steve Downie.
16:17 of 2nd period - Shot Misses the Net.
16:19 of 2nd period - Shot by Steve Downie.
16:19 of 2nd period - Shot Misses the Net.
16:23 of 2nd period - Shot by Steve Downie.
16:23 of 2nd period - Goal by Steve Downie - RedWings : 1 - Flames : 1.
16:24 of 2nd period - Travis Zajac wins face-off versus Steve Downie in neutral zone.
16:29 of 2nd period - Shot by Travis Zajac.
16:29 of 2nd period - Goal by Travis Zajac - RedWings : 2 - Flames : 1.
16:30 of 2nd period - Matt Cullen wins face-off versus Nate Thompson in neutral zone.
17:31 of 2nd period - Icing by Colin White.
17:32 of 2nd period - Travis Zajac wins face-off versus Henrik Sedin in RedWings zone.
18:00 of 2nd period - Daniel Sedin is hit by Keith Yandle and loses puck.
18:07 of 2nd period - Shot by Henrik Sedin.
18:07 of 2nd period - Shot Hit the Post.
18:34 of 2nd period - Minor Penalty to Ryan Getzlaf for Tripping.
18:35 of 2nd period - Valtteri Filppula wins face-off versus Marty Reasoner in RedWings zone.
18:53 of 2nd period - Shot by Steve Downie.
18:53 of 2nd period - Stopped by Craig Anderson with a rebound.
18:55 of 2nd period - Shot by Steve Downie.
18:55 of 2nd period - Shot Misses the Net.
18:57 of 2nd period - Shot by Kristopher Letang.
18:57 of 2nd period - Shot Misses the Net.
19:01 of 2nd period - Shot by Erik Johnson.
19:01 of 2nd period - Stopped by Craig Anderson without a rebound.
19:02 of 2nd period - Valtteri Filppula wins face-off versus Nate Thompson in RedWings zone.
19:39 of 2nd period - Minor Penalty to Marty Reasoner for Roughing.
19:40 of 2nd period - Daniel Sedin wins face-off versus Mike Cammalleri in RedWings zone.

Period #3

0:01 of 3rd period - Nate Thompson wins face-off versus Henrik Sedin in neutral zone.
0:36 of 3rd period - Shot by Henrik Sedin.
0:36 of 3rd period - Stopped by Craig Anderson with a rebound.
1:04 of 3rd period - Shot by Steve Downie.
1:04 of 3rd period - Shot Hit the Post.
1:19 of 3rd period - Valtteri Filppula is hit by Colin White and loses puck.
1:27 of 3rd period - Icing by Valtteri Filppula.
1:28 of 3rd period - Nate Thompson wins face-off versus Valtteri Filppula in Flames zone.
1:47 of 3rd period - Minor Penalty to Matt Cullen for Cross-checking.
1:48 of 3rd period - Ray Whitney wins face-off versus Valtteri Filppula in Flames zone.
2:41 of 3rd period - Zach Parise is hit by Mike Commodore and loses puck.
4:05 of 3rd period - Shot by Drew Stafford.
4:05 of 3rd period - Stopped by Craig Anderson with a rebound.
4:17 of 3rd period - Colin White is hit by Drew Stafford and loses puck.
4:59 of 3rd period - Minor Penalty to Steve Downie for Tripping.
5:00 of 3rd period - Daniel Sedin wins face-off versus Travis Zajac in Flames zone.
6:42 of 3rd period - Shot by Keith Yandle.
6:42 of 3rd period - Goal by Keith Yandle - RedWings : 3 - Flames : 1.
6:43 of 3rd period - Valtteri Filppula wins face-off versus Marty Reasoner in neutral zone.
6:47 of 3rd period - Icing by Brendan Witt.
6:48 of 3rd period - Marty Reasoner wins face-off versus Henrik Sedin in RedWings zone.
6:48 of 3rd period - Marty Reasoner is hit by Henrik Sedin.
7:47 of 3rd period - Off-side.
7:48 of 3rd period - Travis Zajac wins face-off versus Drew Stafford in neutral zone.
8:28 of 3rd period - Icing by Ray Whitney.
8:29 of 3rd period - Valtteri Filppula wins face-off versus Ray Whitney in RedWings zone.
8:46 of 3rd period - Icing by Colin White.
8:47 of 3rd period - Henrik Sedin wins face-off versus Jean-Pierre Dumont in RedWings zone.
9:10 of 3rd period - Icing by Dan Boyle.
9:11 of 3rd period - Ryan Getzlaf wins face-off versus Henrik Sedin in Flames zone.
9:19 of 3rd period - Minor Penalty to Ryan Getzlaf for Roughing.
9:20 of 3rd period - Valtteri Filppula wins face-off versus Nate Thompson in RedWings zone.
9:21 of 3rd period - Shot by Erik Johnson.
9:21 of 3rd period - Stopped by Craig Anderson without a rebound.
9:22 of 3rd period - Nate Thompson wins face-off versus Alex Steen in RedWings zone.
9:22 of 3rd period - Nate Thompson is hit by Steve Downie.
9:44 of 3rd period - Shot by Valtteri Filppula.
9:44 of 3rd period - Stopped by Craig Anderson with a rebound.
9:49 of 3rd period - Alex Steen is hit by Keith Yandle and loses puck.
9:56 of 3rd period - Shot by Valtteri Filppula.
9:56 of 3rd period - Stopped by Craig Anderson without a rebound.
9:57 of 3rd period - Marco Sturm wins face-off versus Marty Reasoner in RedWings zone.
10:02 of 3rd period - Shot by Daniel Sedin.
10:02 of 3rd period - Shot Blocked by Kris Draper.
10:04 of 3rd period - Shot by Marco Sturm.
10:04 of 3rd period - Shot Misses the Net.
10:06 of 3rd period - Shot by Dan Boyle.
10:06 of 3rd period - Goal by Dan Boyle - RedWings : 3 - Flames : 2.
10:07 of 3rd period - Matt Moulson wins face-off versus Drew Stafford in neutral zone.
10:16 of 3rd period - Owen Nolan is hit by Matt Moulson and loses puck.
10:26 of 3rd period - Icing by Kristopher Letang.
10:27 of 3rd period - Matt Cullen wins face-off versus Ryan Getzlaf in Flames zone.
10:35 of 3rd period - Icing by Ryan Getzlaf.
10:36 of 3rd period - Ryan Getzlaf wins face-off versus Henrik Sedin in RedWings zone.
10:50 of 3rd period - Mike Cammalleri is hit by Mark Streit and loses puck.
10:52 of 3rd period - Minor Penalty to Mark Streit for Holding.
10:53 of 3rd period - Travis Zajac wins face-off versus Valtteri Filppula in Flames zone.
12:11 of 3rd period - Matt Cullen is hit by Ryan Getzlaf and loses puck.
13:02 of 3rd period - Shot by Daniel Sedin.
13:02 of 3rd period - Shot Blocked by Brendan Witt.
13:15 of 3rd period - Shot by Daniel Sedin.
13:15 of 3rd period - Stopped by Craig Anderson without a rebound.
13:16 of 3rd period - Matt Cullen wins face-off versus Nate Thompson in RedWings zone.
13:25 of 3rd period - Shot by Matt Cullen.
13:25 of 3rd period - Stopped by Craig Anderson without a rebound.
13:26 of 3rd period - Nate Thompson wins face-off versus Valtteri Filppula in RedWings zone.
13:54 of 3rd period - Shot by Nate Thompson.
13:54 of 3rd period - Shot Misses the Net.
15:26 of 3rd period - Minor Penalty to Zach Parise for Boarding.
15:27 of 3rd period - Henrik Sedin wins face-off versus Nate Thompson in RedWings zone.
15:46 of 3rd period - Shot by Dan Boyle.
15:46 of 3rd period - Stopped by Craig Anderson without a rebound.
15:47 of 3rd period - Henrik Sedin wins face-off versus Nate Thompson in RedWings zone.
16:02 of 3rd period - Shot by Daniel Sedin.
16:02 of 3rd period - Shot Blocked by Keith Yandle.
16:40 of 3rd period - Shot by Alex Steen.
16:40 of 3rd period - Shot Misses the Net.
16:44 of 3rd period - Shot by Alex Steen.
16:44 of 3rd period - Shot Misses the Net.
16:48 of 3rd period - Shot by Valtteri Filppula.
16:48 of 3rd period - Shot Misses the Net.
16:50 of 3rd period - Shot by Erik Johnson.
16:50 of 3rd period - Shot Misses the Net.
17:47 of 3rd period - Icing by Brian Campbell.
17:48 of 3rd period - Ryan Getzlaf wins face-off versus Matt Cullen in RedWings zone.
17:52 of 3rd period - Off-side.
17:53 of 3rd period - Travis Zajac wins face-off versus Matt Cullen in neutral zone.
18:16 of 3rd period - Shot by Kristopher Letang.
18:16 of 3rd period - Shot Blocked by Kris Draper.
18:19 of 3rd period - Icing by Kris Draper.
18:20 of 3rd period - Travis Zajac wins face-off versus Valtteri Filppula in RedWings zone.
18:29 of 3rd period - Shot by Steve Downie.
18:29 of 3rd period - Stopped by Craig Anderson with a rebound.
19:30 of 3rd period - Shot by Travis Zajac.
19:30 of 3rd period - Deflect By Jean-Pierre Dumont.
19:30 of 3rd period - Stopped by Niklas Backstrom without a rebound.
19:31 of 3rd period - Zach Parise wins face-off versus Matt Cullen in Flames zone.
19:40 of 3rd period - Shot by Zach Parise.
19:40 of 3rd period - Shot Misses the Net.
19:48 of 3rd period - Flames, Niklas Backstrom is pulled from the net.


Output by the SimonT Hockey Simulator (STHS) for Stephane Roy -- Original Page W3C XHTML 1.0 Valid